Map: Thunderbird LE

Players

OGZest (Zest) - Winner!

  • Race: Protoss Protoss
  • Spawn Location: 11:00

soO

  • Race: Zerg Zerg
  • Spawn Location: 5:00

Event: HomeStory Cup XIX

VOD

Have the link to the VOD?

Description

Time

  • Played on: June 30, 2019, 2:17 p.m.
  • Length: 4:33

All games in this series

Show
View Real Time Build Order
Export as new Build Order

OGZest Protoss - Winner!

Build Orders: 1 Gate Expand, Oracle Opening, Phoenix Opening 

Get SALT Encoding   

  12  0:00  Probe  
  13  0:12  Probe  
  14  0:18  Pylon  
  14  0:24  Probe  
  15  0:32  Probe  
  15  0:38  Gateway  
  15  0:40  Probe  
  16  0:48  Assimilator  
  17  0:51  Probe  
  18  1:03  Probe  
  19  1:15  Probe  
  20  1:26  Nexus  
  20  1:35  Cybernetics Core  
  20  1:39  Probe  
  21  1:44  Assimilator  
  21  1:51  Probe  
  22  1:54  Pylon  
  22  2:02  Adept  
  22  2:03  Probe  
  25  2:15  Probe  
  25  2:18  Stargate  
  26  2:25  Warp Gate  
  26  2:28  Probe  
  27  2:32  Adept  
  27  2:35  Probe  
  29  2:41  Probe  
  29  2:43  Probe  
  32  2:53  Probe x2, Phoenix  
  34  3:05  Probe x2  
  38  3:13  Oracle  
  38  3:18  Shield Battery  
  38  3:20  Gateway  
  38  3:22  Pylon  
  41  3:30  Probe x2  
  43  3:34  Adept  
  45  3:42  Probe, Oracle, Pylon  
  45  3:48  Gateway  
  49  3:57  Probe  
  49  3:59  Probe  
  51  4:10  Pylon  
  51  4:13  Sentry  
  53  4:20  Pylon  
  53  4:22  Assimilator  
  53  4:23  Assimilator  
Show
View Real Time Build Order
Export as new Build Order

soO Zerg 

Build Orders: Hatch First, Zergling Baneling 

Get SALT Encoding   

  12  0:00  Drone  
  13  0:12  Overlord  
  13  0:16  Drone  
  14  0:31  Drone x2  
  14  0:35  Drone  
  17  0:50  Hatchery  
  17  0:53  Drone  
  17  0:57  Drone  
  18  1:08  Extractor  
  17  1:12  Spawning Pool  
  17  1:15  Drone  
  18  1:18  Drone  
  18  1:27  Drone  
  19  1:39  Drone  
  20  1:49  Overlord  
  20  1:58  Queen  
  22  2:02  Queen  
  22  2:03  Zergling x4  
  26  2:11  Drone  
  26  2:13  Metabolic Boost  
  26  2:14  Drone  
  28  2:25  Drone  
  28  2:26  Drone  
  30  2:37  Hatchery  
  29  2:45  Baneling Nest  
  29  2:48  Drone  
  29  2:51  Overlord  
  29  2:57  Zergling x2  
  31  2:58  Zergling x2  
  31  3:08  Zergling x2  
  31  3:23  Zergling x18  
  40  3:38  Zergling x4  
  42  3:42  Baneling x6  
  42  3:51  Baneling  
  42  3:52  Baneling  
  42  3:54  Overlord  
  42  3:55  Overlord  
  42  4:01  Overlord  
  42  4:03  Baneling  
  39  4:11  Overlord  
  39  4:14  Drone x3  
  39  4:16  Drone x3  
  39  4:17  Drone  
Tags
 
Add a new tag
Caveats
  • Supply blocks, unpowered buildings, or Contaminate may cause inaccurate times.
  • Supply counts are checked every 10 seconds.